 Dungeon Crawl Stone Soup version 0.31.0 (webtiles) character file.

Game seed: 5793791790274975193

72 qw the Shooter (level 4, -1/28 HPs)
             Began as a Gargoyle Hunter on Jan 19, 2024.
             Killed by divine providence
             ... invoked by an orc priest
              (16 damage)
             ... on level 4 of the Dungeon.
             The game lasted 00:00:05 (1852 turns).

qw the Shooter (Gargoyle Hunter)                    Turns: 1852, Time: 00:00:06

Health: -1/28      AC:  8    Str: 12 (15) XL:     4   Next: 26%
Magic:  4/4        EV: 10    Int:  7 (9)  God:
Gold:   107        SH:  0    Dex: 14 (15) Spells: 3/3 levels left

rFire   . . .        a - +2 shortbow
rCold   . . .        (shield currently unavailable)
rNeg    + . .        p - +0 ring mail
rPois   inf          (no helmet)
rElec   +            (no cloak)
rCorr   .            (no gloves)
SInv    .            (no boots)
Will    .....        (no amulet)
Stlth   +            d - +4 ring of slaying {mikee}
HPRegen 0.24/turn    (no ring)
MPRegen 0.09/turn

%: no passive effects
@: no status effects
A: sickness immunity, AC +3, negative energy resistance 1, electricity
resistance, torment resistance 1, petrification resistance
a: no special abilities


You were on level 4 of the Dungeon.
You visited 1 branch of the dungeon, and saw 4 of its levels.

You collected 107 gold pieces.


Innate Abilities, Weirdness & Mutations

You are immune to sickness and miasma.
Your stone body is resilient. (AC +3)
You are immune to poison.
You resist negative energy. (rN+)
You are resistant to electric shocks. (rElec)
You are resistant to unholy torment.
You are immune to petrification.


   Skills:
 - Level 3.1 Fighting
 + Level 5.1 Ranged Weapons
 - Level 1.0 Armour
 - Level 1.5 Dodging
 - Level 1.1 Stealth


You had 3 spell levels left.
You didn't know any spells.
Your spell library was empty.

Inventory:

Hand Weapons
 a - a +2 shortbow (weapon)
Armour
 p - a +0 ring mail (worn)
Jewellery
 d - a +4 ring of slaying (left hand) {mikee}
Scrolls
 c - a scroll of brand weapon {unknown}
 k - a scroll of identify
 m - a scroll of teleportation
Potions
 b - 2 potions of enlightenment
 e - a potion of attraction {unknown}
 f - a potion of curing
 g - a potion of cancellation
 h - a potion of berserk rage {unknown}
 i - a potion of haste
 j - a potion of heal wounds {unknown}
 l - a potion of might {unknown}

Dungeon Overview and Level Annotations

Branches:
Dungeon (4/15)             Temple (0/1) D:4

Altars:


Message History

Found a scale mail.
You shoot an arrow. The arrow misses the adder.
The adder bites you. The adder bites you but does no damage.
You shoot an arrow. The arrow misses the adder.
The adder barely misses you. The adder bites you.
You shoot an arrow. The arrow hits the adder.
The adder is heavily wounded.
The adder bites you.
You shoot an arrow. The arrow hits the adder.
The adder is severely wounded.
The adder barely misses you. The adder bites you but does no damage.
You shoot an arrow. The arrow misses the adder.
The adder bites you but does no damage. x2
You shoot an arrow. The arrow hits the adder.
You kill the adder!
Your Fighting skill increases to level 3!
1826 ||| FLEEEEING.
You start resting.
HP restored.
You hear the slow hiss of a very distant avalanche of sand.
There is an open door here.
k - a scroll of identify You open the door. 2 orcs and an orc priest come into view.
You shoot an arrow. The arrow barely misses the orc priest.
The orc shouts! x2; The orc priest shouts!
An orc comes into view. It is wielding a +0 flail.
You shoot an arrow.
The arrow closely misses the orc priest.
The orc shouts!
The arrow hits the orc.
The orc is severely wounded.
The orc priest calls down the wrath of Beogh upon you.
Beogh smites you!
You shoot an arrow.
The arrow hits the orc priest but does no damage.
The orc priest mumbles some strange prayers to Beogh against you.
Beogh smites you!
Ouch! That really hurt!
You die... ... ... ooo

#o# #.# #.#
##'##
##.@.##
##.....##
##.......##
#.........#
+.........+
#........[#
##.......##
##.....##
##...##


You could see an orc priest and 3 orcs.

Vanquished Creatures
  A gnoll (D:1)
  An adder (D:4)
  3 dart slugs
  2 orcs (D:3)
  6 bats
  3 endoplasms
  4 giant cockroaches
  3 goblins
  4 hobgoblins
  4 kobolds (D:1)
  A quokka (D:1)
  4 ball pythons
  3 frilled lizards
  5 rats
44 creatures vanquished.

Notes
Turn   | Place    | Note
-------+----------+-------------------------------------------
     0 | D:1      | qw the Gargoyle Hunter began the quest for the Orb.
     0 | D:1      | Reached XP level 1. HP: 12/12 MP: 1/1
     0 | D:1      | 0 ||| qw: Version: 0.3-a-132-g3d54051
     0 | D:1      | 0 ||| qw: Game counter: 401
     0 | D:1      | 0 ||| qw: Melee chars always use a shield: true
     0 | D:1      | 0 ||| qw: God list: Okawaru
     0 | D:1      | 0 ||| qw: Allow faded altars: false
     0 | D:1      | 0 ||| qw: Do Orc after clearing Dungeon:15 true
     0 | D:1      | 0 ||| qw: Do second Lair branch before Depths: true
     0 | D:1      | 0 ||| qw: Lair rune preference: random
     0 | D:1      | 0 ||| qw: Goals: Normal
     0 | D:1      | 0 ||| PLANNING D:1-11
   135 | D:1      | Reached XP level 2. HP: 17/17 MP: 2/2
   329 | D:1      | Reached skill level 5 in Ranged Weapons
   329 | D:1      | Reached XP level 3. HP: 21/21 MP: 3/3
   571 | D:1      | 571 ||| READING scroll labelled ROUD ZOHE.
   572 | D:1      | 572 ||| READING 2 scrolls labelled ZUUPTU XUIFAMN.
   572 | D:1      | 572 ||| IDENTIFYING orange potion
   573 | D:1      | 573 ||| READING scroll of identify.
   573 | D:1      | 573 ||| IDENTIFYING fizzy golden potion
   574 | D:1      | 574 ||| READING scroll labelled JIOPTA QY JIF.
   675 | D:1      | 675 ||| READING scroll labelled VEARYO DAETS.
   680 | D:1      | 680 ||| DROPPING scroll of butterflies.
  1277 | D:2      | 1277 ||| UPGRADING to +0 ring mail.
  1287 | D:2      | 1287 ||| DROPPING +0 leather armour.
  1288 | D:2      | 1288 ||| DROPPING ring of flight.
  1289 | D:2      | 1289 ||| READING scroll of identify.
  1289 | D:2      | 1289 ||| IDENTIFYING golden potion
  1290 | D:2      | 1290 ||| READING 2 scrolls labelled PICEHU QOATT.
  1290 | D:2      | 1290 ||| ENCHANTING +0 shortbow.
  1291 | D:2      | 1291 ||| READING scroll of enchant weapon.
  1291 | D:2      | 1291 ||| ENCHANTING +1 shortbow.
  1292 | D:2      | 1292 ||| READING scroll labelled RAUZXI REOTWI.
  1293 | D:2      | 1293 ||| DRINKING 2 glowing puce potions.
  1294 | D:2      | 1294 ||| DRINKING 2 white potions.
  1295 | D:2      | 1295 ||| DROPPING potion of brilliance.
  1296 | D:2      | 1296 ||| DROPPING potion of degeneration.
  1405 | D:3      | Reached XP level 4. HP: 19/27 MP: 4/4
  1406 | D:3      | 1406 ||| FLEEEEING.
  1459 | D:3      | Reached skill level 1 in Armour
  1659 | D:3      | Found a faded altar of an unknown god.
  1755 | D:3      | 1755 ||| UPGRADING to +4 ring of slaying {mikee}.
  1756 | D:3      | 1756 ||| READING scroll labelled OMPOFF XOSTRE.
  1757 | D:3      | 1757 ||| READING 2 scrolls labelled UKOACW GUFY.
  1758 | D:3      | 1758 ||| DRINKING 2 purple potions.
  1759 | D:3      | 1759 ||| DROPPING scroll of noise.
  1790 | D:4      | 1790 ||| PLANNING OSSUARY
  1794 | D:4      | Found a staircase to the Ecumenical Temple.
  1826 | D:4      | Reached skill level 3 in Fighting
  1826 | D:4      | 1826 ||| FLEEEEING.
  1852 | D:4      | Killed from afar by an orc priest

Levels and vault maps discovered:
D:1:      minmay_arrival_radiant_lines, layout_loops_ring
D:2:      layout_basic, kennysheep_generic_room_8
D:3:      layout_basic, shapermc_ecumenical_altar_notcrosses
D:4:      layout_loops_corners, minmay_temple_entry_gardened_gates,
          biasface_ghost_orc_armoury, nicolae_ossuary_entry_plus

Skill      XL: |  1  2  3  4 |
---------------+-------------+-----
Ranged Weapons | 5 |  5.1
Armour         | 1 |  1.0
Fighting       | 3 |  3.1
Dodging        | |  1.5
Stealth        | |  1.1

Action                     |  1- 3 |  4- 6 || total
---------------------------+-------+-------++-------
   Fire: Shortbow          |   122 |    13 ||   135
    Use: Scroll            |     9 |     2 ||    11
         Potion            |     2 |     1 ||     3
 Armour: Leather armour    |    18 |       ||    18
         Ring mail         |    15 |     8 ||    23
  Dodge: Dodged            |    27 |     2 ||    29

Table legend:
 A = Non-vault XP
 B = Vault XP
 C = Vault XP percentage of total XP
 D = Non-vault monster count
 E = Vault monster count
 F = Vault count percentage of total count
                 A         B        C        D         E       F
            +---------+---------+-------+---------+---------+-------
      Total |     104 |       0 |   0.0 |      44 |       0 |   0.0
            +---------+---------+-------+---------+---------+-------
        D:1 |      62 |       0 |   0.0 |      28 |       0 |   0.0
        D:2 |      13 |       0 |   0.0 |       8 |       0 |   0.0
        D:3 |      16 |       0 |   0.0 |       7 |       0 |   0.0
        D:4 |      13 |       0 |   0.0 |       1 |       0 |   0.0
            +---------+---------+-------+---------+---------+-------
